General information
			
			
        
        - name: BNet
 
        - type: Ladder team game (AT/RT)
 
        - host: Battle.net
 
        - saver: Gobiner
 
        
map: TidewaterGlades 
        - players: 4
 
        - length: 05:17
 
        - speed: Fast
 - version: 1.22 W3XP
 - replay type:  Public
 
» download(22 KB)
Players
        team 1 (loser) 
              
              
» 
fthepolice32 (
teal | 28 APM | 145 actions | 05:10)
              
 1 Blademaster 
 1 Wind Walk
 
                » actions 
                
                | Build / train | 13 |  | 
| Enter build submenu | 7 |  | 
| Enter hero's abilities submenu | 1 |  | 
| Right click | 78 |  | 
| Select / deselect | 37 |  | 
| Use ability | 9 |  | 
                145 total
 » units 
                » buildings
                
                | Altar of Storms | 1 |  | 
| Orc Burrow | 3 |  | 
| Barracks | 1 |  | 
| War Mill | 1 |  | 
| Stronghold | 1 |  | 
                7 total
 » build order
                00:08 Altar of Storms
00:41 Orc Burrow
01:19 Barracks
01:43 War Mill
02:28 Orc Burrow
04:37 Stronghold
04:41 Orc Burrow
 
               
              
              
xchaosfuryx (
green | 82 APM | 431 actions | 05:14)
              
 1 Archmage 
 1 Blizzard
 
                » actions 
                
                | Basic commands | 8 |  | 
| Build / train | 17 |  | 
| Enter build submenu | 9 |  | 
| Enter hero's abilities submenu | 1 |  | 
| Right click | 290 |  | 
| Select / deselect | 98 |  | 
| Use ability | 8 |  | 
                431 total
 » units 
                » buildings
                
                | Altar of Kings | 1 |  | 
| Farm | 3 |  | 
| Barracks | 1 |  | 
| Lumber Mill | 1 |  | 
| Scout Tower | 1 |  | 
| Guard Tower | 1 |  | 
                8 total
 » build order
                00:10 Altar of Kings
00:15 Farm
00:26 Barracks
01:23 Lumber Mill
01:34 Farm
02:15 Farm
03:08 Scout Tower
03:36 Guard Tower
 
               team 2 (winner) 
              
              
Gobiner (
purple | 46 APM | 243 actions | 05:17)
              
 2 Blademaster 
 1 Wind Walk
 1 Critical Strike
 
                » actions 
                
                | Assign group hotkey | 10 |  | 
| Build / train | 28 |  | 
| ESC pressed | 1 |  | 
| Enter build submenu | 11 |  | 
| Enter hero's abilities submenu | 2 |  | 
| Right click | 97 |  | 
| Select / deselect | 28 |  | 
| Select group hotkey | 49 |  | 
| Use ability | 17 |  | 
                243 total
 » units 
                » buildings
                
                | Altar of Storms | 1 |  | 
| Orc Burrow | 2 |  | 
| War Mill | 1 |  | 
| Voodoo Lounge | 1 |  | 
| Watch Tower | 6 |  | 
| Stronghold | 1 |  | 
                12 total
 » build order
                00:07 Altar of Storms
00:16 Orc Burrow
00:29 War Mill
01:19 Voodoo Lounge
01:44 Watch Tower
02:05 Orc Burrow
02:26 Watch Tower
02:58 Watch Tower
03:01 Watch Tower
04:03 Watch Tower
04:29 Watch Tower
04:48 Stronghold
 
               
              
              
MrFrosty (
yellow | 83 APM | 438 actions | 05:15)
              
 2 Archmage 
 1 Summon Water Elemental
 1 Brilliance Aura
 
                » actions 
                
                | Assign group hotkey | 3 |  | 
| Build / train | 28 |  | 
| Enter build submenu | 10 |  | 
| Enter hero's abilities submenu | 2 |  | 
| Right click | 217 |  | 
| Select / deselect | 80 |  | 
| Select group hotkey | 71 |  | 
| Use ability | 27 |  | 
                438 total
 » units 
                » upgrades
                » buildings
                
                | Altar of Kings | 1 |  | 
| Scout Tower | 7 |  | 
| Farm | 2 |  | 
| Lumber Mill | 1 |  | 
| Arcane Tower | 2 |  | 
| Guard Tower | 3 |  | 
                16 total
 » build order
                00:07 Altar of Kings
00:20 Scout Tower
00:22 Farm
00:31 Lumber Mill
00:52 Arcane Tower
01:32 Farm
03:23 Scout Tower
03:36 Scout Tower
03:36 Scout Tower
03:37 Scout Tower
03:51 Guard Tower
04:04 Arcane Tower
04:05 Guard Tower
04:06 Scout Tower
04:40 Guard Tower
04:42 Scout Tower
» items
                
                | Healing Salve | 1 |  | 
| Staff of Teleportation | 1 |  | 
| Boots of Speed | 1 |  | 
                3 total
  
                Chat log
          (00:10 / Allies) MrFrosty: yeah this will be gay
(00:15 / Allies) MrFrosty: but they will be noob prob
(01:21 / Allies) MrFrosty: gay creeps at all expos
(02:05 / Allies) MrFrosty: im going to try something that isnt blizz first b/c i need a we tank
(02:53 / Allies) MrFrosty: excellent creeping
(03:12 / Allies) MrFrosty: ive got a book of gg
(04:15 / Allies) MrFrosty: coming with book ww
(05:04 / Allies) MrFrosty: lol
(05:08 / Allies) MrFrosty: surrounded
(05:12 / All) MrFrosty: good tp
(05:13 / All) Gobiner: 2ez
(05:14 / All) MrFrosty: g g